 Dungeon Crawl Stone Soup version 0.28.0 (webtiles) character file.

Game seed: 7036389372099205976

68427 SnakkuSnakku7 the Sharpshooter (level 14, -18/109 (139) HPs)
             Began as a Deep Dwarf Arcane Marksman on Feb 6, 2022.
             Was a High Priest of Ru.
             Shot with an arrow by a centaur warrior (23 damage)
             ... on level 13 of the Dungeon.
             The game lasted 00:58:38 (18295 turns).

SnakkuSnakku7 the Sharpshooter (DDAM)              Turns: 18295, Time: 00:58:39

HP:   -18/109 (139) AC: 22    Str: 26    XL:     14   Next: 86%
MP:   7/7           EV:  8    Int: 13    God:    Ru [*****.]
Gold: 1186          SH:  0    Dex: 13    Spells: 29/29 levels left

rFire   . . .      SeeInvis .   a - +0 arbalest
rCold   . . .      Faith    .   (shield currently unavailable)
rNeg    + . .      Spirit   .   y - +0 plate armour
rPois   +          Reflect  .   u - +2 helmet
rElec   .          Harm     .   (no cloak)
rCorr   .          Rampage  .   k - +2 pair of gloves
Will    ++...                   (no boots)
Stlth   ..........              l - amulet of the acrobat
HPRegen 0.00/turn               M - ring of poison resistance
MPRegen 0.10/turn               N - +6 ring of strength

@: heavily drained
A: damage resistance, heal wounds, negative energy resistance 1, sense
surroundings 2, hated by all, inability to train dodging, no conjurations magic,
no ice magic, no transmutations magic, disrupted magic 1, no regeneration
a: Heal Wounds, Renounce Religion, Draw Out Power, Power Leap, Apocalypse


You were on level 13 of the Dungeon.
You worshipped Ru.
Ru was extremely pleased with you.
You visited 3 branches of the dungeon, and saw 20 of its levels.
You also visited: Sewer and Bailey.

You collected 1301 gold pieces.
You spent 115 gold pieces at shops.

Inventory:

Hand Weapons
 a - a +0 arbalest (weapon)
 b - the +5 falchion "Wekhliut" {speed, SInv}
   (You found it on level 6 of the Dungeon)

   Attacks with this weapon are significantly faster.
   SInv:      It lets you see invisible.
 C - a +3 vorpal hand crossbow
Missiles
 c - 29 bolts (quivered ammo)
 v - 2 throwing nets
Armour
 k - a +2 pair of gloves (worn)
 u - a +2 helmet (worn)
 y - a +0 plate armour (worn)
Jewellery
 l - an amulet of the acrobat (around neck)
 E - a ring of protection from fire
 I - a ring of protection from cold
 M - a ring of poison resistance (left hand)
 N - a +6 ring of strength (right hand)
Wands
 B - a wand of flame (29)
 D - a wand of paralysis (2)
 K - a wand of iceblast (8)
 L - a wand of digging (8)
Scrolls
 d - a scroll of silence
 e - 2 scrolls of vulnerability
 f - a scroll of enchant armour
 h - a scroll of fog
 o - 3 scrolls of blinking
 p - 7 scrolls of teleportation
 q - 3 scrolls of identify
 r - 3 scrolls of enchant weapon
 s - a scroll of acquirement {unknown}
 x - a scroll of amnesia
 F - 2 scrolls of immolation
 H - 5 scrolls of fear
Potions
 g - a potion of heal wounds
 i - 2 potions of might
 j - 4 potions of flight
 m - 2 potions of magic
 n - a potion of attraction
 t - 12 potions of curing
 w - 6 potions of cancellation
 z - 5 potions of mutation
 A - a potion of brilliance
 G - 3 potions of haste
 J - 2 potions of resistance


   Skills:
 + Level 12.3 Fighting
 - Level 18.0 Crossbows
 - Level 12.6 Armour
 - Level 8.0 Spellcasting
 - Level 2.4 Hexes
 - Level 10.0 Evocations


You had 29 spell levels left.
You didn't know any spells.
Your spell library contained the following spells:

 Spells                   Type           Power      Damage    Failure   Level
 Slow                     Hex            44%        N/A       47%         1
 Sandblast                Erth           10%        2d5       78%         1
 Confusing Touch          Hex            11%        N/A       83%         3
 Inner Flame              Hex/Fire       8%         N/A       93%         3
 Portal Projectile        Hex/Tloc       16%        N/A       93%         3
 Cause Fear               Hex            5%         N/A       99%         4
 Enfeeble                 Hex            5%         N/A       100%        7
 Beastly Appendage        Tmut           Unusable   N/A       N/A         1
 Foxfire                  Conj/Fire      Unusable   2x1d5     N/A         1
 Magic Dart               Conj           Unusable   1d4       N/A         1
 Call Imp                 Summ           Unusable   N/A       N/A         2
 Passwall                 Tmut/Erth      Unusable   N/A       N/A         2
 Wereblood                Tmut           Unusable   N/A       N/A         2
 Conjure Flame            Conj/Fire      Unusable   6-21      N/A         3
 Mephitic Cloud           Conj/Pois/Air  Unusable   N/A       N/A         3
 Spider Form              Tmut/Pois      Unusable   N/A       N/A         3
 Stone Arrow              Conj/Erth      Unusable   3d7       N/A         3
 Flame Wave               Conj/Fire      Unusable   2d5       N/A         4
 Yara's Violent Unravell  Hex/Tmut       Unusable   3d4       N/A         5

Dungeon Overview and Level Annotations

Branches:
Dungeon (13/15)            Temple (1/1) D:7            Lair (6/6) D:10
 Shoals (0/4) Lair:4       Spider (0/4) Lair:2        Slime (0/5) Lair:5
    Orc (0/2) D:10          Sewer (visited)          Bailey (visited)
 Vaults: D:13-14

Altars:
Ashenzari
Cheibriados
Dithmenos
Elyvilon
Fedhas
Gozag
Hepliaklqana
Kikubaaqudgha
Makhleb
Nemelex Xobeh
Okawaru
Qazlal
Ru
Sif Muna
Trog
Uskayaw
Vehumet
Wu Jian
Xom
Yredelemnul
Zin
The Shining One
Beogh
Lugonu

Shops:
D:4 [   D:11 ?

Portals:
Abyss: Lair:6

Annotations:
D:9 2 transporters
D:12 3 runed translucent doors, MackTheFife's ghost, journeyman OgFi


Innate Abilities, Weirdness & Mutations

You are resistant to damage.
You can heal yourself by infusing magical energy.
You resist negative energy. (rN+)
You passively map the area around you.
You are hated by all.
You cannot train Dodging skill.
You cannot study or cast Conjurations magic.
You cannot study or cast Ice magic.
You cannot study or cast Transmutations magic.
Your casting is slightly disrupted.
You do not regenerate.


Message History

Aim: a centaur warrior, wielding a +0 longbow and quivering arrows (moderately wounded, slow, 77% to hit)
You shoot a bolt.
The bolt hits the cyclops but does no damage.
The cyclops throws a large rock.
The large rock hits you!
* * * LOW HITPOINT WARNING * * *
Fire: 33 bolts
Press: ? - help, Q - select action, (/) - cycle Shift-Dir - straight line, f/p - centaur warrior
Aim: a centaur warrior, wielding a +0 longbow and quivering arrows (moderately wounded, slow, 77% to hit)
You shoot a bolt. The bolt hits the cyclops.
The cyclops is lightly wounded.
The cyclops throws a large rock.
The large rock hits you!!
* * * LOW HITPOINT WARNING * * *
Blink to where?
Press: ? - help, Dir - move target, p - centaur warrior
As you read the scroll of blinking, it crumbles to dust.
Okay, then.
You feel much better.
You redirect the centaur warrior's attack!
The centaur warrior shoots an arrow.
The arrow hits the centaur warrior!!
Fire: 32 bolts
Press: ? - help, Q - select action, (/) - cycle Shift-Dir - straight line, f - centaur warrior
Aim: a centaur warrior, wielding a +0 longbow and quivering arrows (heavily wounded, 77% to hit)
You shoot a bolt.
The bolt closely misses the centaur warrior.
The centaur warrior shoots an arrow.
The arrow hits you!
* * * LOW HITPOINT WARNING * * *
The centaur warrior shoots an arrow.
The arrow hits you!
* * * LOW HITPOINT WARNING * * *
Fire: 31 bolts
Press: ? - help, Q - select action, (/) - cycle Shift-Dir - straight line, f/p - centaur warrior
Aim: a centaur warrior, wielding a +0 longbow and quivering arrows (heavily wounded, 77% to hit)
You shoot a bolt. The bolt hits the centaur warrior!!
The centaur warrior is severely wounded.
Fire: 30 bolts
Press: ? - help, Q - select action, (/) - cycle Shift-Dir - straight line, f/p - centaur warrior
Aim: a centaur warrior, wielding a +0 longbow and quivering arrows (severely wounded, 77% to hit)
You shoot a bolt. The bolt hits the centaur warrior!
The centaur warrior is almost dead.
The centaur warrior shoots an arrow.
The arrow hits you!!
You die...

### ###
#.######################<#
#.......(c.....@.....[##.#
#.###################.##.#
#.# ######### #.##.#
##.########.......####.##.#
.......##......##.....<...#
##.....##......############
** #.....##......+ , ,
##.....##......# ** ,
......##########* * * *


You could see a centaur warrior.

Vanquished Creatures
  Nessos (Lair:5)
  A boulder beetle (D:12)
  7 hydras
  2 catoblepae
  A centaur warrior (D:13)
  A death knight (D:11)
  3 two-headed ogres
  3 thrashing horrors (Lair:6)
  A skeletal warrior (D:11)
  A lindwurm (Lair:6)
  2 orc knights (Bailey)
  A deep elf pyromancer (D:12)
  3 ugly things
  A cyclops (D:11)
  4 elephants
  An ice statue (D:11)
  4 black mambas
  2 torpor snails
  2 smoke demons (Lair:6)
  A gargoyle (D:10)
  An unseen horror (D:12)
  7 cane toads
  Maggie (D:6)
  4 rime drakes
  A kobold demonologist (D:10)
  3 freezing wraiths (D:11)
  14 komodo dragons
  An ancient zyme (Lair:6)
  2 trolls
  6 polar bears
  15 blink frogs
  14 dream sheep
  7 slime creatures (D:12)
  4 wyverns
  A vampire (D:11)
  2 wraiths
  3 ynoxinuls (Lair:6)
  2 spriggans
  A jumping spider (Lair:2)
  49 yaks
  9 basilisks
  3 large abominations (Lair:6)
  6 vampire mosquitoes
  A chaos spawn (Lair:6)
  3 acid dragons
  Edmund (D:5)
  11 water moccasins
  A sky beast (D:6)
  13 orc warriors
  2 black bears
  A necrophage (D:7)
  An ice beast (D:8)
  An ogre (D:4)
  35 wolves
  7 centaurs
  10 small abominations (Lair:6)
  5 phantoms
  5 kobold brigands
  Blork the orc (D:5)
  11 bullfrogs
  A scorpion (D:5)
  A water moccasin skeleton (D:5)
  22 killer bees
  3 electric eels (Lair:4)
  4 wights (D:7)
  6 howler monkeys
  2 centaur skeletons (D:5)
  3 hounds (D:5)
  2 bullfrog zombies
  2 orc priests (D:5)
  A gnoll shaman (D:6)
  4 jellies
  4 iguanas
  2 scorpion zombies (D:5)
  2 orc wizards
  2 killer bee zombies
  7 gnolls
  A howler monkey skeleton (D:7)
  13 adders
  5 river rats (Sewer)
  A shadow imp (D:7)
  3 ufetubi
  An adder skeleton (D:4)
  3 worms
  3 dart slugs
  41 orcs
  8 endoplasms
  6 giant cockroaches
  5 hobgoblins
  6 jackals
  26 kobolds
  4 quokkas
  12 ball pythons
  4 bats
  8 frilled lizards
  8 goblins
  5 rats
538 creatures vanquished.

Vanquished Creatures (others)
  A catoblepas (Lair:6)
  A thrashing horror (Lair:6)
  2 elephants (Lair:4)
  A kobold demonologist (D:10)
  A slime creature (D:12)
  A yak (Lair:5)
  2 killer bees (D:11)
  38 fungi
  103 plants
150 creatures vanquished.

Grand Total: 688 creatures vanquished

Notes
Turn   | Place    | Note
-------+----------+-------------------------------------------
     0 | D:1      | SnakkuSnakku7 the Deep Dwarf Arcane Marksman began the
                  | quest for the Orb.
     0 | D:1      | Reached XP level 1. HP: 16/16 MP: 2/2
   241 | D:1      | Reached skill level 3 in Crossbows
   245 | D:1      | Reached XP level 2. HP: 22/24 MP: 3/3
  1009 | D:2      | Reached XP level 3. HP: 23/30 MP: 4/4
  1027 | D:2      | Reached skill level 4 in Crossbows
  1100 | D:2      | Found a faded altar of an unknown god.
  1359 | D:2      | Identified the +2 robe "Exto" {rPois Int+3}
  1655 | D:3      | Found a hide-covered altar of Uskayaw.
  1851 | D:3      | Found a stormy altar of Qazlal.
  1896 | D:3      | Reached XP level 4. HP: 29/37 MP: 5/5
  1949 | D:3      | Reached skill level 5 in Crossbows
  2152 | D:4      | Noticed a phantom
  2188 | D:4      | Killed a phantom
  2189 | D:4      | Reached skill level 6 in Crossbows
  2189 | D:4      | Reached XP level 5. HP: 25/43 MP: 5/5
  2229 | D:4      | Found Pijaufri's Armour Boutique.
  2242 | D:4      | Bought a +0 helmet for 49 gold pieces
  2319 | D:4      | Noticed an ogre
  2353 | D:4      | Killed an ogre
  2354 | D:4      | Reached skill level 7 in Crossbows
  2354 | D:4      | Reached XP level 6. HP: 50/50 MP: 6/6
  2478 | D:4      | Found a glowing drain.
  2515 | Sewer    | Entered a sewer
  2870 | Sewer    | Reached skill level 8 in Crossbows
  3025 | Sewer    | HP: 2/50 [river rat (2)]
  3438 | D:4      | Reached XP level 7. HP: 42/56 MP: 6/6
  3520 | D:5      | Entered Level 5 of the Dungeon
  3547 | D:5      | Found an iron altar of Okawaru.
  3556 | D:5      | Identified the +3 dagger of Desperation {speed, Fly rN++
                  | Str-5 Stlth+}
  3562 | D:5      | Noticed Edmund
  3586 | D:5      | Killed Edmund
  3645 | D:5      | Reached skill level 9 in Crossbows
  3944 | D:5      | Noticed Blork the orc
  3958 | D:5      | Reached skill level 10 in Crossbows
  3958 | D:5      | Reached skill level 1 in Fighting
  3971 | D:5      | Killed Blork the orc
  4017 | D:5      | Found a snail-covered altar of Cheibriados.
  4031 | D:5      | Reached XP level 8. HP: 21/68 MP: 6/6
  4342 | D:4      | Reached skill level 5 in Fighting
  4420 | D:5      | Found a bloodstained altar of Trog.
  4989 | D:6      | Identified the +5 falchion "Wekhliut" {speed, SInv}
  5018 | D:6      | Noticed Maggie
  5035 | D:6      | Killed Maggie
  5036 | D:6      | Gained mutation: You passively map the area around you.
                  | [Deep Dwarf growth]
  5036 | D:6      | Reached XP level 9. HP: 45/86 MP: 6/6
  5758 | D:6      | Reached skill level 1 in Armour
  5804 | D:6      | Found a shimmering blue altar of Sif Muna.
  5847 | D:7      | Found a staircase to the Ecumenical Temple.
  5856 | Temple   | Entered the Ecumenical Temple
  6011 | D:7      | Found a flagged portal.
  6027 | Bailey   | Entered a bailey
  6296 | Bailey   | Reached XP level 10. HP: 89/96 MP: 5/5
  6297 | Bailey   | Reached XP level 11. HP: 103/111 MP: 6/6
  6362 | Bailey   | Reached skill level 1 in Evocations
  6384 | Bailey   | Noticed an orc knight
  6403 | Bailey   | Killed an orc knight
  6522 | Bailey   | Noticed an orc knight
  6587 | Bailey   | Killed an orc knight
  6588 | Bailey   | Reached skill level 5 in Evocations
  6833 | D:7      | Noticed a four-headed hydra
  6849 | D:7      | Killed a four-headed hydra
  7288 | D:8      | Found a basalt altar of Yredelemnul.
  7290 | D:8      | Found a sacrificial altar of Ru.
  7294 | D:8      | Found a glowing silver altar of Zin.
  7300 | D:8      | Became a worshipper of Ru the Awakened
  7305 | D:8      | Found a shimmering altar of Xom.
  7308 | D:8      | Found an ornate altar of the Wu Jian Council.
  7779 | D:9      | Noticed a two-headed ogre
  8083 | D:9      | Found a transporter.
  8093 | D:9      | Found a transporter.
  8093 | D:9      | Noticed an orc knight
  8185 | D:9      | Killed a two-headed ogre
  8186 | D:9      | Reached XP level 12. HP: 42/120 MP: 4/4
  8234 | D:8      | Gained mutation: You cannot study or cast Ice magic. [Ru
                  | sacrifice]
  8234 | D:8      | Gained mutation: You cannot study or cast Transmutations
                  | magic. [Ru sacrifice]
  8234 | D:8      | Gained mutation: You cannot study or cast Conjurations
                  | magic. [Ru sacrifice]
  8234 | D:8      | Reached * piety under Ru
  8741 | D:10     | Entered Level 10 of the Dungeon
  8869 | D:10     | Reached skill level 10 in Evocations
  8963 | D:10     | Found a sparkling altar of Nemelex Xobeh.
  9156 | D:10     | Noticed a two-headed ogre
  9163 | D:10     | Killed a two-headed ogre
  9164 | D:10     | Reached skill level 11 in Crossbows
  9235 | D:10     | Found a staircase to the Lair.
  9325 | D:10     | Found a staircase to the Orcish Mines.
  9614 | Lair:1   | Entered Level 1 of the Lair of Beasts
  9712 | Lair:1   | Noticed a six-headed hydra
  9759 | Lair:1   | Killed a six-headed hydra
  9984 | Lair:1   | Gained mutation: You cannot train Dodging skill. [Ru
                  | sacrifice]
  9984 | Lair:1   | Reached ** piety under Ru
 10026 | Lair:1   | Reached skill level 12 in Crossbows
 10245 | Lair:1   | Noticed an eight-headed hydra
 10249 | Lair:1   | Killed an eight-headed hydra
 10432 | Lair:1   | Identified the +5 hunting sling of the Traitor {venom,
                  | Dex+4}
 10500 | Lair:2   | Reached skill level 13 in Crossbows
 10607 | Lair:2   | Found a hole to the Spider Nest.
 11440 | Lair:3   | Reached skill level 14 in Crossbows
 11568 | Lair:3   | Reached XP level 13. HP: 55/127 MP: 1/1
 11902 | Lair:3   | Gained mutation: You are hated by all. [Ru sacrifice]
 11902 | Lair:3   | Reached *** piety under Ru
 11902 | Lair:3   | Reached **** piety under Ru
 12100 | Lair:3   | Reached skill level 15 in Crossbows
 12804 | Lair:4   | Reached skill level 16 in Crossbows
 13001 | Lair:4   | Found a staircase to the Shoals.
 13955 | Lair:5   | Reached skill level 17 in Crossbows
 14037 | Lair:5   | Noticed Nessos
 14053 | Lair:5   | Killed Nessos
 14477 | Lair:5   | Found a staircase to the Slime Pits.
 14548 | Lair:5   | Reached skill level 18 in Crossbows
 14658 | Lair:5   | Gained mutation: You resist negative energy. (rN+) [Deep
                  | Dwarf growth]
 14658 | Lair:5   | Reached XP level 14. HP: 75/129 MP: 2/2
 14869 | Lair:6   | Entered Level 6 of the Lair of Beasts
 14943 | Lair:6   | Gained mutation: Your casting is slightly disrupted. [Ru
                  | sacrifice]
 14943 | Lair:6   | Reached ***** piety under Ru
 15466 | Lair:6   | Reached skill level 5 in Spellcasting
 16052 | Lair:6   | Found a corrupted altar of Lugonu.
 16059 | Lair:6   | Found a one-way gate to the infinite horrors of the Abyss.
 16773 | D:11     | Found Sieczeplu's Magic Scroll Boutique.
 16904 | D:11     | Bought a scroll of teleportation for 33 gold pieces
 16904 | D:11     | Bought a scroll of teleportation for 33 gold pieces
 17821 | D:12     | Found a runed translucent gate.
 17824 | D:12     | Found a runed translucent gate.
 17824 | D:12     | Noticed MackTheFife's ghost (journeyman OgFi)
 17825 | D:12     | Found a runed translucent gate.
 18177 | D:12     | You fall into a shaft and drop 1 floor!
 18267 | D:13     | HP: 4/109 [cyclops/large rock (25)]
 18293 | D:13     | HP: 5/109 [centaur warrior/arrow (7)]
 18295 | D:13     | Shot with an arrow by a centaur warrior

Illustrated notes

Levels and vault maps discovered:
D:1:      lightli_arrival_statuegarden, layout_basic, minmay_tripent
D:2:      layout_basic, nicolae_ecumenical_lake_church
D:3:      layout_rooms, nicolae_qazlal_scattered_showers,
          mainiacjoe_overflow_alcove_2, dk_noncrumbling_3
D:4:      nicolae_cairo_tiling_very_big, layout_rooms, gup_sewer_entry_glass,
          serial_shops, nicolae_shop_hallway_stairs
D:5:      layout_basic, kennysheep_slug_shrine, marbit_many_paths,
          kennysheep_mini_moat, minmay_misc_feat_alley, minmay_joined_circles,
          uniq_edmund, uniq_blork_the_orc
D:6:      layout_basic, tgw_sif, uniq_maggie
D:7:      layout_rooms, minmay_temple_entry_water_ring, enter_bailey_3,
          kennysheep_boxes
D:8:      layout_cave_pools, minitemple
D:9:      gammafunk_beogh_shrine, layout_irregular_city
D:10:     layout_loops_ring, nicolae_overflow_crystal_walls,
          david_lair_shrubbed, orc_0_dummy
D:11:     layout_roguey, serial_shops, nicolae_shop_waterfront, minivault_16
D:12:     layout_roguey [special_room_orc], gammafunk_ghost_split,
          kb_lookout_dungeons_type, eino_jars
D:13:     minmay_the_grid_net [minmay_the_grid_gridbox, minmay_the_grid_x,
          minmay_the_grid_outer_circle, minmay_the_grid_square_x,
          minmay_the_grid_outer_diamond, minmay_the_grid_prize_shrinking_boxes],
          layout_basic, nicolae_splish_splash
Temple:   jpeg_temple_alley_garden
Lair:1:   layout_regular_city
Lair:2:   layout_chaotic_city, spider_nest_entry_a
Lair:3:   layout_cave_shapes
Lair:4:   layout_small_grid, minmay_shoals_entry_centaurs, columned_hall_lemuel,
          wad_woods_03, serial_bayou_shore_a
Lair:5:   layout_long_grid, dpeg_slime_entry_corner, uniq_nessos
Lair:6:   hellmonk_lair_end_abyssal_woods, layout_cave_pods,
          ebering_ghost_funeral_grove, cheibrodos_lair_lostbears

Skill      XL: |  1  2  3  4  5  6  7  8  9 10 11 12 13 14 |
---------------+-------------------------------------------+-----
Crossbows      | 3 4 6 7 8 10 14 18 | 18.0
Fighting       | 2 7 8 11 12 | 12.3
Armour         | 12 | 12.6
Evocations     | 8 10 | 10.0
Dodging        | 0 |  0.0
Spellcasting   | 8 |  8.0
Hexes          | |  2.4

Action                   |  1- 3 |  4- 6 |  7- 9 | 10-12 | 13-15 || total
-------------------------+-------+-------+-------+-------+-------++-------
Melee: Short sword       |   174 |   347 |    10 |       |       ||   531
       Punch             |     2 |     5 |     1 |    12 |    15 ||    35
       Flail             |       |       |   162 |       |       ||   162
       Falchion          |       |       |   126 |   463 |   953 ||  1542
       Arbalest          |       |       |       |       |     2 ||     2
 Fire: Hand crossbow     |    36 |    51 |   104 |   272 |   212 ||   675
       Arbalest          |       |       |       |       |   334 ||   334
Throw: Dart              |       |       |     1 |     5 |       ||     6
       Throwing net      |       |       |       |     1 |       ||     1
Invok: Sacrifice Arcana  |       |       |       |     1 |       ||     1
       Sacrifice Nimblen |       |       |       |     1 |       ||     1
       Draw Out Power    |       |       |       |       |    33 ||    33
       Sacrifice Love    |       |       |       |       |     1 ||     1
       Sacrifice Essence |       |       |       |       |     1 ||     1
       Reject Sacrifices |       |       |       |       |     1 ||     1
 Abil: Heal Wounds       |     2 |     7 |    13 |    22 |    20 ||    64
Evoke: Wand              |       |       |     5 |     9 |    10 ||    24
  Use: Scroll            |       |     8 |     1 |    18 |     8 ||    35
       Potion            |       |       |     2 |     7 |     5 ||    14
 Stab: Distracted        |       |       |       |       |     5 ||     5
       Invisible         |       |       |       |       |     8 ||     8
Armor: Ring mail         |    95 |   151 |   136 |       |       ||   382
       Plate armour      |       |       |    84 |   448 |   831 ||  1363
Dodge: Dodged            |   114 |   297 |   246 |   277 |   537 ||  1471
